[gd_scene load_steps=26 format=2]

[ext_resource path="res://Scenes/Area Trigger.tscn" type="PackedScene" id=1]
[ext_resource path="res://Scripts/Restart_Lvl_1.gd" type="Script" id=2]
[ext_resource path="res://Scenes/Player.tscn" type="PackedScene" id=3]
[ext_resource path="res://Assets/kenney_platformerpack/Spritesheets/spritesheet_gr_grass.png" type="Texture" id=4]
[ext_resource path="res://Assets/Familiar Looking Rocket.png" type="Texture" id=5]
[ext_resource path="res://Scripts/To_Lvl_2.gd" type="Script" id=6]

[sub_resource type="ConvexPolygonShape2D" id=1]
points = PoolVector2Array( 0, 0, 128, 0, 128, 128, 0, 128 )

[sub_resource type="ConvexPolygonShape2D" id=2]
points = PoolVector2Array( 0, 0, 128, 0, 128, 128, 0, 128 )

[sub_resource type="ConvexPolygonShape2D" id=3]
points = PoolVector2Array( 0, 0, 128, 0, 128, 128, 0, 128 )

[sub_resource type="ConvexPolygonShape2D" id=4]
points = PoolVector2Array( 0, 0, 128, 0, 128, 128, 0, 128 )

[sub_resource type="ConvexPolygonShape2D" id=5]
points = PoolVector2Array( 0, 0, 128, 0, 128, 128, 0, 128 )

[sub_resource type="ConvexPolygonShape2D" id=6]
points = PoolVector2Array( 0, 0, 128, 0, 128, 128, 0, 32 )

[sub_resource type="ConvexPolygonShape2D" id=7]
points = PoolVector2Array( 0, 0, 128, 0, 128, 32, 0, 128 )

[sub_resource type="ConvexPolygonShape2D" id=8]
points = PoolVector2Array( 0, 0, 128, 0, 128, 128, 0, 128 )

[sub_resource type="ConvexPolygonShape2D" id=9]
points = PoolVector2Array( 0, 0, 128, 0, 128, 128, 0, 128 )

[sub_resource type="ConvexPolygonShape2D" id=10]
points = PoolVector2Array( 0, 0, 128, 0, 128, 96, 0, 96 )

[sub_resource type="ConvexPolygonShape2D" id=11]
points = PoolVector2Array( 0, 0, 128, 0, 128, 64, 0, 64 )

[sub_resource type="ConvexPolygonShape2D" id=12]
points = PoolVector2Array( 0, 0, 128, 0, 128, 64, 0, 64 )

[sub_resource type="ConvexPolygonShape2D" id=13]
points = PoolVector2Array( 0, 0, 128, 0, 128, 64, 0, 64 )

[sub_resource type="ConvexPolygonShape2D" id=14]
points = PoolVector2Array( 0, 0, 64, 64, 128, 128, 0, 128 )

[sub_resource type="ConvexPolygonShape2D" id=15]
points = PoolVector2Array( 64, 64, 128, 0, 128, 128, 0, 128 )

[sub_resource type="ConvexPolygonShape2D" id=16]
points = PoolVector2Array( 0, 0, 128, 0, 128, 128, 0, 128 )

[sub_resource type="ConvexPolygonShape2D" id=17]
points = PoolVector2Array( 0, 0, 128, 0, 128, 128, 0, 128 )

[sub_resource type="ConvexPolygonShape2D" id=18]
points = PoolVector2Array( 0, 0, 128, 0, 128, 128, 0, 128 )

[sub_resource type="TileSet" id=19]
0/name = "spritesheet_gr_grass.png 0"
0/texture = ExtResource( 4 )
0/tex_offset = Vector2( 0, 0 )
0/modulate = Color( 1, 1, 1, 1 )
0/region = Rect2( 0, 0, 32, 32 )
0/tile_mode = 2
0/autotile/icon_coordinate = Vector2( 0, 0 )
0/autotile/tile_size = Vector2( 32, 32 )
0/autotile/spacing = 0
0/autotile/occluder_map = [  ]
0/autotile/navpoly_map = [  ]
0/autotile/z_index_map = [  ]
0/occluder_offset = Vector2( 0, 0 )
0/navigation_offset = Vector2( 0, 0 )
0/shapes = [  ]
0/z_index = 0
1/name = "spritesheet_gr_grass.png 1"
1/texture = ExtResource( 4 )
1/tex_offset = Vector2( 0, 0 )
1/modulate = Color( 1, 1, 1, 1 )
1/region = Rect2( 384, 160, 32, 32 )
1/tile_mode = 2
1/autotile/icon_coordinate = Vector2( 0, 0 )
1/autotile/tile_size = Vector2( 32, 32 )
1/autotile/spacing = 0
1/autotile/occluder_map = [  ]
1/autotile/navpoly_map = [  ]
1/autotile/z_index_map = [  ]
1/occluder_offset = Vector2( 0, 0 )
1/navigation_offset = Vector2( 0, 0 )
1/shapes = [  ]
1/z_index = 0
2/name = "Grass"
2/texture = ExtResource( 4 )
2/tex_offset = Vector2( 0, 0 )
2/modulate = Color( 1, 1, 1, 1 )
2/region = Rect2( 0, 0, 1152, 256 )
2/tile_mode = 2
2/autotile/icon_coordinate = Vector2( 0, 0 )
2/autotile/tile_size = Vector2( 128, 128 )
2/autotile/spacing = 0
2/autotile/occluder_map = [  ]
2/autotile/navpoly_map = [  ]
2/autotile/z_index_map = [  ]
2/occluder_offset = Vector2( 0, 0 )
2/navigation_offset = Vector2( 0, 0 )
2/shapes = [ {
"autotile_coord": Vector2( 0, 0 ),
"one_way": false,
"one_way_margin": 1.0,
"shape": SubResource( 1 ),
"shape_transform": Transform2D( 1, 0, 0, 1, 0, 0 )
}, {
"autotile_coord": Vector2( 1, 0 ),
"one_way": false,
"one_way_margin": 1.0,
"shape": SubResource( 2 ),
"shape_transform": Transform2D( 1, 0, 0, 1, 0, 0 )
}, {
"autotile_coord": Vector2( 2, 0 ),
"one_way": false,
"one_way_margin": 1.0,
"shape": SubResource( 3 ),
"shape_transform": Transform2D( 1, 0, 0, 1, 0, 0 )
}, {
"autotile_coord": Vector2( 3, 0 ),
"one_way": false,
"one_way_margin": 1.0,
"shape": SubResource( 4 ),
"shape_transform": Transform2D( 1, 0, 0, 1, 0, 0 )
}, {
"autotile_coord": Vector2( 4, 0 ),
"one_way": false,
"one_way_margin": 1.0,
"shape": SubResource( 5 ),
"shape_transform": Transform2D( 1, 0, 0, 1, 0, 0 )
}, {
"autotile_coord": Vector2( 5, 0 ),
"one_way": false,
"one_way_margin": 1.0,
"shape": SubResource( 6 ),
"shape_transform": Transform2D( 1, 0, 0, 1, 0, 0 )
}, {
"autotile_coord": Vector2( 6, 0 ),
"one_way": false,
"one_way_margin": 1.0,
"shape": SubResource( 7 ),
"shape_transform": Transform2D( 1, 0, 0, 1, 0, 0 )
}, {
"autotile_coord": Vector2( 7, 0 ),
"one_way": false,
"one_way_margin": 1.0,
"shape": SubResource( 8 ),
"shape_transform": Transform2D( 1, 0, 0, 1, 0, 0 )
}, {
"autotile_coord": Vector2( 8, 0 ),
"one_way": false,
"one_way_margin": 1.0,
"shape": SubResource( 9 ),
"shape_transform": Transform2D( 1, 0, 0, 1, 0, 0 )
}, {
"autotile_coord": Vector2( 0, 1 ),
"one_way": false,
"one_way_margin": 1.0,
"shape": SubResource( 10 ),
"shape_transform": Transform2D( 1, 0, 0, 1, 0, 0 )
}, {
"autotile_coord": Vector2( 1, 1 ),
"one_way": false,
"one_way_margin": 1.0,
"shape": SubResource( 11 ),
"shape_transform": Transform2D( 1, 0, 0, 1, 0, 0 )
}, {
"autotile_coord": Vector2( 2, 1 ),
"one_way": false,
"one_way_margin": 1.0,
"shape": SubResource( 12 ),
"shape_transform": Transform2D( 1, 0, 0, 1, 0, 0 )
}, {
"autotile_coord": Vector2( 3, 1 ),
"one_way": false,
"one_way_margin": 1.0,
"shape": SubResource( 13 ),
"shape_transform": Transform2D( 1, 0, 0, 1, 0, 0 )
}, {
"autotile_coord": Vector2( 4, 1 ),
"one_way": false,
"one_way_margin": 1.0,
"shape": SubResource( 14 ),
"shape_transform": Transform2D( 1, 0, 0, 1, 0, 0 )
}, {
"autotile_coord": Vector2( 5, 1 ),
"one_way": false,
"one_way_margin": 1.0,
"shape": SubResource( 15 ),
"shape_transform": Transform2D( 1, 0, 0, 1, 0, 0 )
}, {
"autotile_coord": Vector2( 6, 1 ),
"one_way": false,
"one_way_margin": 1.0,
"shape": SubResource( 16 ),
"shape_transform": Transform2D( 1, 0, 0, 1, 0, 0 )
}, {
"autotile_coord": Vector2( 7, 1 ),
"one_way": false,
"one_way_margin": 1.0,
"shape": SubResource( 17 ),
"shape_transform": Transform2D( 1, 0, 0, 1, 0, 0 )
}, {
"autotile_coord": Vector2( 8, 1 ),
"one_way": false,
"one_way_margin": 1.0,
"shape": SubResource( 18 ),
"shape_transform": Transform2D( 1, 0, 0, 1, 0, 0 )
} ]
2/z_index = 0

[node name="Level 1" type="Node2D"]

[node name="Restart" parent="." instance=ExtResource( 1 )]
position = Vector2( 963.505, 726.055 )
scale = Vector2( 19.87, 7.3 )
script = ExtResource( 2 )
sceneName = "Level 1"

[node name="Player" parent="." instance=ExtResource( 3 )]
position = Vector2( 144.475, 47.5724 )
speed = 300

[node name="Camera2D" type="Camera2D" parent="Player"]
current = true

[node name="TileMap" type="TileMap" parent="."]
tile_set = SubResource( 19 )
cell_size = Vector2( 128, 128 )
format = 1
tile_data = PoolIntArray( -65539, 2, 1, -65538, 2, 1, -65537, 2, 1, -3, 2, 1, -2, 2, 1, -1, 2, 1, -65520, 2, 65541, -65519, 2, 65543, 65533, 2, 1, 65534, 2, 1, 65535, 2, 1, 10, 2, 65541, 12, 2, 65537, 13, 2, 65539, 15, 2, 65541, 16, 2, 8, 17, 2, 1, 131069, 2, 1, 131070, 2, 1, 131071, 2, 1, 65536, 2, 65543, 65537, 2, 65543, 65538, 2, 65543, 65539, 2, 65543, 65540, 2, 4, 65542, 2, 3, 65543, 2, 4, 65545, 2, 65541, 65546, 2, 8, 65550, 2, 65543, 65551, 2, 8, 65552, 2, 1, 65553, 2, 1, 196605, 2, 1, 196606, 2, 1, 196607, 2, 1, 131072, 2, 1, 131073, 2, 1, 131074, 2, 1, 131075, 2, 1, 131081, 2, 1, 131082, 2, 1, 131086, 2, 1, 131087, 2, 1, 131088, 2, 1, 131089, 2, 1, 262141, 2, 1, 262142, 2, 1, 262143, 2, 1, 196608, 2, 1, 196609, 2, 1, 196610, 2, 1, 196611, 2, 1, 196612, 2, 65543, 196613, 2, 65543, 196617, 2, 1, 196618, 2, 1, 196619, 2, 65543, 196620, 2, 65543, 196621, 2, 65543, 196622, 2, 1, 196623, 2, 1, 196624, 2, 1, 196625, 2, 1, 327677, 2, 1, 327678, 2, 1, 327679, 2, 1, 262144, 2, 1, 262145, 2, 1, 262146, 2, 1, 262147, 2, 1, 262148, 2, 1, 262149, 2, 1, 262153, 2, 1, 262154, 2, 1, 262155, 2, 1, 262156, 2, 1, 262157, 2, 1, 262158, 2, 1, 262159, 2, 1, 262160, 2, 1, 262161, 2, 1 )

[node name="Sprite" type="Sprite" parent="."]
position = Vector2( 2245.55, -372.763 )
texture = ExtResource( 5 )

[node name="Next_Lvl" parent="Sprite" instance=ExtResource( 1 )]
scale = Vector2( 10.88, 24.47 )
script = ExtResource( 6 )
sceneName = "Level 1"
